 Dungeon Crawl Stone Soup version 0.28-a0-1404-g4df0f3684d (webtiles) character file.

Game seed: 5663369533001072485

99 rogsnak the Digger (level 4, -1/32 HPs)
             Began as a Demonspawn Earth Elementalist on Jan 5, 2022.
             Splashed by a jelly's acid (12 damage)
             ... on level 3 of the Dungeon.
             The game lasted 00:03:06 (2786 turns).

rogsnak the Digger (Demonspawn Earth Elementalist)  Turns: 2786, Time: 00:03:07

Health: -1/32      AC:  2    Str:  9    XL:     4   Next: 45%
Magic:  8/8        EV: 12    Int: 18    God:
Gold:   14         SH:  0    Dex: 13    Spells: 4/8 levels left

rFire   + . .      SeeInvis .   j - +6 mace of Pyromania {vamp, rF+}
rCold   . . .      Faith    .   (no shield)
rNeg    . . .      Spirit   .   b - +0 robe
rPois   .          Reflect  .   (no helmet)
rElec   .          Harm     .   (no cloak)
rCorr   .          Rampage  .   (no gloves)
Will    .....                   (no boots)
Stlth   ++........              (no amulet)
HPRegen 0.10/turn               (no ring)
MPRegen 0.11/turn               (no ring)

@: no status effects
A: hooves 1
a: no special abilities


You were on level 3 of the Dungeon.
You visited 1 branch of the dungeon, and saw 3 of its levels.

You collected 158 gold pieces.
You spent 144 gold pieces at shops.

Inventory:

Hand Weapons
 e - a +0 quarterstaff
 g - a +1 dagger of electrocution
 j - the +6 mace of Pyromania (weapon) {vamp, rF+}
   (You bought it in a shop on level 2 of the Dungeon)

   It occasionally heals its wielder for a portion of the damage dealt when it
   wounds a living foe.
   rF:        It protects you from fire.
Missiles
 c - 92 stones
 k - 4 silver javelins
Armour
 b - a +0 robe (worn)
Scrolls
 f - 4 scrolls of teleportation {unknown}
 h - 3 scrolls of noise {unknown}
 i - a scroll of enchant armour {unknown}
Potions
 a - a potion of brilliance {unknown}
 d - a potion of curing {unknown}


   Skills:
 + Level 1.0 Fighting
 + Level 2.2 Dodging
 - Level 1.7 Stealth
 + Level 2.8 Spellcasting
 * Level 1.1 Conjurations
 - Level 0.8 Transmutations
 + Level 3.6 Earth Magic


You had 4 spell levels left.
You knew the following spells:

 Your Spells              Type           Power      Damage    Failure   Level
a - Sandblast             Erth           30%        2d9       3%          1
b - Stone Arrow           Conj/Erth      22%        3d8       19%         3

Your spell library contained the following spells:

 Spells                   Type           Power      Damage    Failure   Level
 Passwall                 Tmut/Erth      8%         N/A       10%         2
 Petrify                  Tmut/Erth      10%        N/A       54%         4


Dungeon Overview and Level Annotations

Branches:
Dungeon (3/15)

Altars:
Wu Jian

Shops:
D:2 (


Innate Abilities, Weirdness & Mutations

You have large cloven feet.


Message History

You closely miss the bat. You kick the bat, but do no damage.
The bat barely misses you. The bat hits you but does no damage.
The bat barely misses you. The bat misses you.
You closely miss the bat. Your kick misses the bat. The bat closely misses you.
You hit the bat. You kick the bat.
The bat is heavily wounded.
The bat misses you. The bat hits you but does no damage. x2
You thump the bat!
You kill the bat!
No target in view!
Done exploring.
(D) Dungeon
Where to? (Enter - D:2, ? - help)
What level of the Dungeon? (default 1, ? - help)
There is a stone staircase leading down here.
You climb downwards.
The orc shouts!
Found a book of Geomancy.
Found an escape hatch in the ceiling.
Found a stone staircase leading up.
There is a stone staircase leading up here.
There are monsters nearby!
The orc shouts!
You sock the orc!
You kill the orc!
The jelly jiggles.
The jelly misses you.
You hit the jelly.
Your hands burn!
You kick the jelly.
The jelly is heavily wounded.
The jelly misses you.
You hit the jelly.
You feel better.
Your hands burn!
You kick the jelly, but do no damage.
The jelly is severely wounded.
The orc barely misses you. The jelly hits you but does no damage.
The jelly barely misses you. The orc barely misses you.
You hit the jelly but do no damage.
Your hands burn!
You kick the jelly.
The jelly is almost dead.
The orc hits you with a +0 flail! The jelly hits you.
You are splashed with acid!
You die...

..##
#######..###
..........<#
......^....#
...........####
:.............
.........J.#
........@o.#
.......<...#
.......)..##
.........##
##########


You could see a jelly and an orc.

Vanquished Creatures
  3 gnolls (D:2)
  2 adders (D:2)
  A worm (D:2)
  A dart slug (D:1)
  An orc (D:3)
  2 bats (D:2)
  9 endoplasms
  A giant cockroach (D:1)
  A goblin (D:2)
  2 hobgoblins (D:1)
  5 jackals (D:2)
  3 quokkas
  3 ball pythons
  5 kobolds
  5 rats (D:1)
44 creatures vanquished.

Vanquished Creatures (others)
  A withered plant (D:1)
1 creature vanquished.

Grand Total: 45 creatures vanquished

Notes
Turn   | Place    | Note
-------+----------+-------------------------------------------
     0 | D:1      | rogsnak the Demonspawn Earth Elementalist began the quest
                  | for the Orb.
     0 | D:1      | Reached XP level 1. HP: 13/13 MP: 3/3
   144 | D:1      | Reached skill level 3 in Earth Magic
   158 | D:1      | Discovered your monstrous ancestry.
   158 | D:1      | Gained mutation: You have large cloven feet. [demonic
                  | ancestry]
   158 | D:1      | Reached XP level 2. HP: 15/19 MP: 0/5
   655 | D:1      | Found a faded altar of an unknown god.
  1208 | D:2      | Reached XP level 3. HP: 13/24 MP: 6/6
  1656 | D:2      | Learned a level 3 spell: Stone Arrow
  1696 | D:2      | Found an ornate altar of the Wu Jian Council.
  1754 | D:2      | Found Janeo's Antique Weapon Boutique.
  1796 | D:2      | Bought a pitted mace for 144 gold pieces
  1796 | D:2      | Identified the +6 mace of Pyromania {vamp, rF+} (You bought
                  | it in a shop on level 2 of the Dungeon)
  2415 | D:2      | Reached skill level 1 in Conjurations
  2415 | D:2      | Reached XP level 4. HP: 23/31 MP: 5/8
  2422 | D:2      | Reached skill level 1 in Fighting
  2786 | D:3      | Splashed by a jelly's acid

Illustrated notes

Levels and vault maps discovered:
D:1:      dpeg_arrival_water_temple_mockup, layout_basic,
          ebering_ecumenical_altar_petrified
D:2:      layout_loops_ring, basic_altar, serial_shops, shop_coins,
          minmay_misc_feat_plants
D:3:      layout_rooms, grunt_temple_overflow_open

Skill      XL: |  1  2  3  4 |
---------------+-------------+-----
Earth Magic    | 3 |  3.6
Dodging        | 2 |  2.2
Conjurations   | 1 |  1.1
Fighting       | 1 |  1.0
Stealth        | |  1.7
Spellcasting   | |  2.8
Transmutations | |  0.8

Action                   |  1- 3 |  4- 6 || total
-------------------------+-------+-------++-------
Melee: Quarterstaff      |    39 |       ||    39
       Unarmed           |     3 |       ||     3
       Dagger            |    22 |       ||    22
       Kick              |    22 |     6 ||    28
       Mace              |    39 |    12 ||    51
 Cast: Sandblast         |     6 |     4 ||    10
 Stab: Sleeping          |     4 |       ||     4
Armor: Robe              |    14 |     4 ||    18
Dodge: Dodged            |    69 |    18 ||    87

Table legend: (Time is in decaauts)
 A = Elapsed time spent in this place.
 B = Non-inter-level travel time spent in this place.
 C = Inter-level travel time spent in this place.
 D = Time resting spent in this place.
 E = Time spent auto-exploring this place.
 F = Levels seen in this place.
 G = Mean time per level.
                   A        B        C        D        E       F      G
               +--------+--------+--------+--------+--------+-----+--------+
         Total |   2815 |   2748 |     67 |    657 |   1635 |   3 |  938.3 |
       Dungeon |   2815 |   2748 |     67 |    657 |   1635 |   3 |  938.3 |
               +--------+--------+--------+--------+--------+-----+--------+

Top non-repeatable levels by time:
     D:2: 1699 daAuts
     D:1: 1110 daAuts
     D:3: 5 daAuts
